 Dungeon Crawl Stone Soup version 0.20.1-2-g1830e616b0 (webtiles) character file.

3570 Alfie the Archer (level 10, -2/69 HPs)
             Began as a Human Hunter on Jan 14, 2020.
             Slain by an ogre
             ... wielding a +0 giant spiked club
              (15 damage)
             ... on level 9 of the Dungeon.
             The game lasted 00:41:29 (6306 turns).

Alfie the Archer (Human Hunter)                     Turns: 6306, Time: 00:41:29

Health: -2/69      AC:  4    Str: 17    XL:     10   Next: 30%
Magic:  0/10       EV: 13    Int: 13    God:
Gold:   81         SH:  0    Dex: 13    Spells: 9/9 levels left

rFire    . . .     SeeInvis +   a - +4 shortbow
rCold    . . .     Gourm    .   (shield currently unavailable)
rNeg     . . .     Faith    .   c - +0 leather armour
rPois    +         Spirit   +   (no helmet)
rElec    .         Reflect  .   (no cloak)
rCorr    .         Harm     .   s - +0 pair of gloves
MR       .....                  (no boots)
Stlth    ++........             E - amulet of guardian spirit
Regen    0.7/turn               x - ring of poison resistance
MPRegen  0.2/turn               I - ring of see invisible

@: no status effects
A: blurry vision 1, clever 1, frail 1, regeneration 1
a: no special abilities


You were on level 9 of the Dungeon.
You were not hungry.

You visited 1 branch of the dungeon, and saw 9 of its levels.

You collected 476 gold pieces.
You spent 395 gold pieces at shops.

Inventory:

Hand Weapons
 a - a +4 shortbow (weapon)
 b - a +3 short sword
Missiles
 d - 91 arrows (quivered)
Armour
 c - a +0 leather armour (worn)
 s - a +0 pair of gloves (worn)
 C - a +0 pair of boots
Jewellery
 h - an uncursed ring of flight
 x - a ring of poison resistance (left hand)
 E - an amulet of guardian spirit (around neck)
 I - a ring of see invisible (right hand)
Wands
 e - a wand of clouds (2/9)
 i - a wand of scattershot (4/9)
 m - a wand of iceblast (6/15)
 n - a wand of lightning (9/15)
 r - a wand of paralysis (16/24)
 v - a wand of acid (2/15)
 A - a wand of flame (16/48)
 D - a wand of lightning (8/15)
Scrolls
 j - a scroll of recharging {unknown}
 l - a scroll of holy word {unknown}
 p - a scroll of magic mapping
 u - a scroll of blinking
 y - a scroll of fog {unknown}
 F - a scroll of identify
 H - a scroll of teleportation {unknown}
Potions
 k - 2 potions of mutation
 o - a potion of heal wounds
 q - a potion of resistance
 t - 2 potions of degeneration {unknown}
 w - a potion of flight
 B - 3 potions of curing
 G - a potion of cancellation {unknown}
Comestibles
 f - 4 fruits
 g - a meat ration
 z - 3 bread rations


   Skills:
 + Level 6.8 Fighting
 + Level 1.3 Short Blades
 + Level 11.5 Bows
 + Level 4.2 Armour
 + Level 3.7 Dodging
 + Level 1.9 Stealth


You had 9 spell levels left.
You didn't know any spells.

Dungeon Overview and Level Annotations

Branches:
Dungeon (9/15)             Temple (0/1) D:4             Orc (0/2) D:9
   Lair: D:8-11

Altars:
Kikubaaqudgha
Nemelex Xobeh
Vehumet

Shops:
D:7 (!((   D:9 =


Innate Abilities, Weirdness & Mutations

Scrolls take you a little longer to read.
Your mind is acute. (Int +2)
You are frail. (-10% HP)
Your natural rate of healing is unusually fast.


Message History

You shoot an arrow. The arrow hits the ogre!
The ogre is moderately wounded.
Firing (i - inventory):
d - 94 arrows (quivered)
Press: ? - help, Shift-Dir - straight line, f/p - ogre
Aim: an ogre, wielding a giant spiked club (moderately wounded)
You shoot an arrow. The arrow barely misses the ogre.
The ogre closely misses you.
Firing (i - inventory):
d - 93 arrows (quivered)
Press: ? - help, Shift-Dir - straight line, f/p - ogre
Aim: an ogre, wielding a giant spiked club (moderately wounded)
You shoot an arrow.
The arrow hits the ogre but does no damage.
The ogre is moderately wounded.
Firing (i - inventory):
d - 92 arrows (quivered)
Press: ? - help, Shift-Dir - straight line, f/p - ogre
Aim: an ogre, wielding a giant spiked club (moderately wounded)
You shoot an arrow. The arrow hits the ogre!
The ogre is heavily wounded.
The ogre hits you with a giant spiked club!
You die...

,,,*.#,,,,,,,** ***,* ###.....
,,,*...,,,,,,,* *,,,* #.#..##.
**,,...###*,,,* *,,,* #.#.....
,,,,8.....***** *,,,* #.#.##..
,,,,......#* *,,,# #.#.....
,,,,......(## #...# ##.......
,,,,>....8.(# ##.#####...###.#
,,,,.......(######..........###.#
,,,,.o..(.#())(O@.(###....(.(....
,,,,8.....#(.#####.###.#######.##
**,,...####..##........# #.#
***.#*,#.c.....##.###.# #.*
*,...#.#(.#####.....# #.*
***#......#####.....# #.*
#.........⌠.⌠..##.# #.*
#.##.#.###.∩...##.#*****#.**
#.*#.#.# #⌠.⌠#.##..,,,,,,,,*


You could see an ogre.

Vanquished Creatures
  A two-headed ogre (D:8)
  A sky beast (D:6)
  A black bear (D:6)
  3 orc warriors
  2 phantoms (D:8)
  5 ogres
  5 centaurs
  A bullfrog (D:6)
  2 scorpions
  The ghost of peterlawrence the Covered, a weakling MiFi (D:3)
  3 howler monkeys
  4 crimson imps
  A quasit (D:6)
  3 hounds
  A bullfrog zombie (D:5)
  4 orc priests
  5 orc wizards
  A centaur skeleton (D:8)
  3 jellies
  2 iguanas
  7 worker ants
  Robin (D:2)
  3 gnolls (D:5)
  12 adders
  A shadow imp (D:8)
  3 oozes
  An adder skeleton (D:6)
  2 worms
  3 dart slugs
  3 leopard geckos
  23 orcs
  2 ball pythons
  10 bats
  5 giant cockroaches
  19 goblins
  14 hobgoblins
  14 jackals
  6 kobolds
  2 quokkas
  3 frilled lizards
  A quokka zombie (D:6)
  5 rats
189 creatures vanquished.

Notes
Turn   | Place    | Note
-------+----------+-------------------------------------------
     0 | D:1      | Alfie the Human Hunter began the quest for the Orb.
     0 | D:1      | Reached XP level 1. HP: 16/16 MP: 1/1
   131 | D:1      | Reached XP level 2. HP: 17/22 MP: 2/2
   315 | D:1      | Reached XP level 3. HP: 16/27 MP: 3/3
   865 | D:2      | Found a faded altar of an unknown god.
   888 | D:2      | Reached skill level 5 in Bows
   888 | D:2      | Reached XP level 4. HP: 22/34 MP: 4/4
   950 | D:2      | Noticed Robin
   983 | D:2      | Killed Robin
  1037 | D:2      | Reached XP level 5. HP: 16/39 MP: 5/5
  1647 | D:3      | Reached skill level 1 in Armour
  1763 | D:3      | Noticed peterlawrence's ghost (weakling MiFi)
  1776 | D:3      | Killed peterlawrence's ghost
  1776 | D:3      | Reached skill level 6 in Bows
  1776 | D:3      | Reached XP level 6. HP: 16/46 MP: 6/6
  2402 | D:4      | Found a staircase to the Ecumenical Temple.
  2489 | D:4      | Gained mutation: Scrolls take you a little longer to read. [potion of mutation]
  2489 | D:4      | Gained mutation: Your natural rate of healing is unusually fast. [potion of mutation]
  2489 | D:4      | Gained mutation: You are frail. (-10% HP) [potion of mutation]
  2489 | D:4      | Gained mutation: Your mind is acute. (Int +2) [potion of mutation]
  2581 | D:4      | Reached XP level 7. HP: 46/46 MP: 7/7
  2698 | D:4      | Reached skill level 7 in Bows
  2878 | D:5      | Entered Level 5 of the Dungeon
  3037 | D:5      | Reached skill level 8 in Bows
  3037 | D:5      | Reached XP level 8. HP: 32/54 MP: 8/8
  3864 | D:6      | Reached skill level 9 in Bows
  3935 | D:6      | Reached skill level 5 in Fighting
  4054 | D:6      | Reached XP level 9. HP: 57/61 MP: 9/9
  4258 | D:6      | Found a sparkling altar of Nemelex Xobeh.
  4555 | D:6      | Reached skill level 1 in Short Blades
  4698 | D:7      | Found Nato Vij's Weapon Emporium.
  4779 | D:7      | Found Toboenack's Weapon Shop.
  5014 | D:7      | Reached skill level 10 in Bows
  5028 | D:7      | Found Yti Bal's Antique Weapon Boutique.
  5112 | D:7      | Found Liugiulo's Distillery.
  5143 | D:7      | Bought a potion of heal wounds for 70 gold pieces
  5143 | D:7      | Bought a potion of heal wounds for 70 gold pieces
  5687 | D:8      | Noticed a two-headed ogre
  5701 | D:8      | Killed a two-headed ogre
  5701 | D:8      | Reached skill level 11 in Bows
  5701 | D:8      | Reached XP level 10. HP: 16/69 MP: 1/10
  6033 | D:8      | Found an ancient bone altar of Kikubaaqudgha.
  6039 | D:8      | Found a radiant altar of Vehumet.
  6224 | D:9      | Found Egoc's Jewellery Shoppe.
  6235 | D:9      | Bought an uncursed ring of see invisible for 255 gold pieces
  6249 | D:9      | Found a staircase to the Orcish Mines.
  6306 | D:9      | Slain by an ogre

Skill      XL: |  1  2  3  4  5  6  7  8  9 |
---------------+----------------------------+-----
Bows           | 5 6 8 9 11 | 11.5
Armour         | 1 2 3 4 |  4.2
Fighting       | 3 4 5 6 |  6.8
Dodging        | 3 |  3.7
Short Blades   | 1 |  1.3
Stealth        | |  1.9

Action                   |  1- 3 |  4- 6 |  7- 9 | 10-12 || total
-------------------------+-------+-------+-------+-------++-------
Melee: Short sword       |       |       |    32 |       ||    32
 Fire: Shortbow          |   108 |   210 |   343 |    56 ||   717
  Use: Scroll            |     3 |     4 |     9 |     1 ||    17
       Potion            |       |     6 |       |     2 ||     8
  Eat: Bread ration      |       |     1 |     1 |       ||     2
       Fruit             |       |       |     1 |       ||     1
       Royal jelly       |       |       |     2 |       ||     2
       Meat ration       |       |       |       |     1 ||     1
Armor: Leather armour    |     6 |    20 |    39 |     2 ||    67
Dodge: Dodged            |    29 |    78 |   107 |     8 ||   222
